 Dungeon Crawl Stone Soup version 0.25.1-2-g60ff931df9 (webtiles) character file.

Game seed: 13667912996552838478

3352 Revguard the Cutter (level 9, -4/67 HPs)
             Began as a Demonspawn Gladiator on Aug 7, 2020.
             Was a Follower of Uskayaw.
             Slain by a wight
             ... wielding a +0 hand axe
              (5 damage)
             ... on level 7 of the Dungeon.
             The game lasted 00:27:15 (7191 turns).

Revguard the Cutter (Demonspawn Gladiator)          Turns: 7191, Time: 00:27:16

Health: -4/67      AC:  9    Str: 15    XL:     9   Next: 72%
Magic:  6/13       EV: 16    Int:  9    God:    Uskayaw [*.....]
Gold:   486        SH:  0    Dex: 18    Spells: 8/8 levels left

rFire    . . .     SeeInvis .   g - +1 dagger (venom)
rCold    . . .     Gourm    .   (no shield)
rNeg     . . .     Faith    .   m - +3 leather armour {MR+}
rPois    +         Spirit   .   (helmet restricted)
rElec    .         Reflect  .   n - +0 cloak
rCorr    .         Harm     .   (no gloves)
MR       +++..                  (no boots)
Stlth    ++++......             e - amulet of regeneration
HPRegen  0.61/turn              u - ring of protection from magic
MPRegen  0.13/turn              b - ring of stealth

@: no status effects
A: horns 1, talons 1, yellow scales 1, demonic guardian 1, magic resistance 1,
poison resistance
a: Stomp, Renounce Religion


You were on level 7 of the Dungeon.
You worshipped Uskayaw.
Uskayaw was noncommittal.
You were very hungry.

You visited 2 branches of the dungeon, and saw 8 of its levels.
You also visited: Ossuary.

You collected 486 gold pieces.

Inventory:

Hand Weapons
 a - a +1 rapier
 g - a +1 dagger of venom (weapon)
Missiles
 d - 3 throwing nets (quivered)
 s - 46 poisoned darts
Armour
 m - a +3 leather armour of magic resistance (worn)
 n - a +0 cloak (worn)
Jewellery
 b - a ring of stealth (right hand)
 e - an amulet of regeneration (around neck)
 h - a +6 ring of intelligence
 u - a ring of protection from magic (left hand)
Wands
 v - a wand of iceblast (2)
 z - a wand of acid (8)
Scrolls
 c - 2 scrolls of identify
 i - 3 scrolls of teleportation
 k - a scroll of magic mapping
 r - 4 scrolls of remove curse
 y - a scroll of enchant weapon
Potions
 j - 2 potions of might
 l - a potion of haste
 o - a potion of lignification {unknown}
 p - 2 potions of brilliance
 x - 2 potions of flight
Comestibles
 f - 7 rations


   Skills:
 + Level 4.9 Fighting
 + Level 6.9 Short Blades
 + Level 1.8 Throwing
 + Level 3.7 Armour
 + Level 5.9 Dodging
 + Level 6.6 Stealth
 * Level 5.5 Invocations
 * Level 1.9 Evocations


You had 8 spell levels left.
You didn't know any spells.
Your spell library contained the following spells:

 Spells                   Type           Power        Failure   Level  Hunger
 Confusing Touch          Hex            #.......     83%         3    ####...
 Gell's Gravitas          Tloc           #.........   83%         3    ####...
 Petrify                  Tmut/Erth      #.......     99%         4    #####..
 Metabolic Englaciation   Hex/Ice        #.........   100%        5    ######.
 Yara's Violent Unravell  Hex/Tmut       #.........   100%        5    ######.


Dungeon Overview and Level Annotations

Branches:
Dungeon (7/15)             Temple (1/1) D:4         Ossuary (visited)

Altars:
Ashenzari
Cheibriados
Dithmenos
Elyvilon
Fedhas
Gozag
Hepliaklqana
Kikubaaqudgha
Makhleb
Nemelex Xobeh
Okawaru
Qazlal
Ru
Sif Muna
Uskayaw
Vehumet
Wu Jian
Xom
Yredelemnul
Zin
The Shining One

Shops:
D:6 %


Innate Abilities, Weirdness & Mutations

You are partially covered in yellow scales. (AC +2)
A weak demonic guardian rushes to your aid.
You have a pair of small horns on your head.
You have sharp toenails.
You are resistant to hostile enchantments. (MR+)
Your system is resistant to poisons. (rPois)


Message History

You hear some strange, mumbled words.
A puff of flame appears from out of thin air!
The puff of flame misses you.
Okay, then.
Evoke which item? (* to show all) (? for menu, Esc to quit)
Aiming: Iceblast
Press: ? - help, Shift-Dir - straight line, f - orc priest
Aim: an orc priest, wielding a +0 mace and wearing a +0 leather armour (heavily wounded)
The mass of ice explodes!
The iceblast engulfs the orc priest.
The orc priest is almost dead.
The iceblast engulfs something.
The orc priest looks braver for a moment.
The wight hits you but does no damage.
You can now stomp with the beat.
You hit something. You headbutt something.
The orc priest mumbles some strange prayers to Beogh against you.
Beogh smites you!
* * * LOW HITPOINT WARNING * * *
The wight hits you with a +0 hand axe.
You die...

#H# #)## #.# #z#
#z#########5#
#######o##...ooa.5#
........>..########
#######.######## #
#.oH)z...#
#.##.###############.#
#......[z@)o# #.#
.>....######.# ##.##
############.#######o..####
........{...o.........
#######.#######[..#### #.#
##.## #.# #.##### #.#
#.#.... #.# #.#.###


You could see a wight and an orc priest.

Vanquished Creatures
  A hippogriff (D:7)
  Sigmund (D:4)
  An orc warrior (D:6)
  3 sky beasts
  2 phantoms
  An ogre (D:6)
  3 centaurs
  2 big kobolds (D:3)
  Blork the orc (D:5)
  5 bullfrogs
  2 water moccasin zombies (Ossuary)
  4 wights
  A howler monkey (D:5)
  A crimson imp (D:5)
  A jelly (D:5)
  3 orc priests
  2 hounds
  An iguana (D:6)
  9 orc wizards
  4 worker ants
  3 big kobold zombies (Ossuary)
  3 hound skeletons (D:5)
  2 mummies (Ossuary)
  A worker ant zombie (D:7)
  4 gnolls
  7 adders
  A shadow imp (D:5)
  3 oozes
  2 adder zombies
  2 worms
  2 dart slugs
  4 leopard geckos
  19 orcs
  9 giant cockroaches
  10 hobgoblins
  5 jackals
  3 quokkas
  A ball python (D:3)
  13 bats
  4 frilled lizards
  2 gnoll zombies (Ossuary)
  8 goblins
  8 hobgoblin zombies (Ossuary)
  A jackal skeleton (D:5)
  37 kobolds
  5 kobold zombies (Ossuary)
  5 orc zombies (Ossuary)
  A quokka skeleton (D:5)
  6 rats
219 creatures vanquished.

Vanquished Creatures (collateral kills)
  3 ogres
  2 big kobolds (D:3)
  3 wights
  A quasit (D:5)
  A hound (D:4)
  2 orc wizards
  Jessica (D:3)
  A worker ant zombie (D:5)
  2 gnolls (D:3)
  3 adders (D:5)
  An adder skeleton (D:4)
  A leopard gecko (D:5)
  3 hobgoblins (D:4)
  A jackal (D:6)
  A quokka (D:7)
  4 kobolds (D:3)
30 creatures vanquished.

Vanquished Creatures (others)
  A scorpion (D:7)
1 creature vanquished.

Grand Total: 250 creatures vanquished

Notes
Turn   | Place    | Note
-------+----------+-------------------------------------------
     0 | D:1      | Revguard the Demonspawn Gladiator began the quest for the
                  | Orb.
     0 | D:1      | Reached XP level 1. HP: 16/16 MP: 1/1
   330 | D:1      | Gained mutation: A weak demonic guardian rushes to your
                  | aid. [demonic ancestry]
   330 | D:1      | Reached XP level 2. HP: 22/22 MP: 2/2
   540 | D:1      | Reached XP level 3. HP: 27/27 MP: 3/3
   797 | D:1      | Reached skill level 1 in Stealth
  1641 | D:3      | Gained mutation: You are partially covered in yellow
                  | scales. (AC +2) [demonic ancestry]
  1641 | D:3      | Reached XP level 4. HP: 9/33 MP: 4/4
  1903 | D:3      | Reached skill level 1 in Armour
  2037 | D:3      | Reached XP level 5. HP: 36/39 MP: 5/5
  2180 | D:3      | Found a glowing silver altar of Zin.
  2216 | D:3      | Found a sacrificial altar of Ru.
  2835 | D:3      | Reached XP level 6. HP: 37/46 MP: 6/6
  3115 | D:3      | Noticed Jessica
  3124 | D:3      | Killed Jessica
  3377 | D:4      | Found an ornate altar of the Wu Jian Council.
  3570 | D:4      | Found a sand-covered staircase.
  3584 | D:4      | Reached skill level 5 in Short Blades
  3584 | D:4      | Reached XP level 7. HP: 22/52 MP: 7/7
  3619 | Ossuary  | Entered an ossuary
  4496 | Ossuary  | Gained mutation: Armour fits poorly on your strangely
                  | shaped body. [potion of mutation]
  4496 | Ossuary  | Gained mutation: You are resistant to hostile enchantments.
                  | (MR+) [potion of mutation]
  4496 | Ossuary  | Gained mutation: You are occasionally teleported next to
                  | monsters. [potion of mutation]
  4496 | Ossuary  | Gained mutation: You have a pair of small horns on your
                  | head. [potion of mutation]
  4560 | D:4      | Found a radiant altar of Vehumet.
  4583 | D:4      | Found a staircase to the Ecumenical Temple.
  4616 | Temple   | Entered the Ecumenical Temple
  4686 | Temple   | Became a worshipper of Uskayaw the Reveler
  4841 | D:4      | Found a sparkling altar of Nemelex Xobeh.
  4864 | D:4      | Reached * piety under Uskayaw
  4866 | D:4      | Reached ** piety under Uskayaw
  4873 | D:4      | Reached *** piety under Uskayaw
  5061 | D:4      | Noticed Sigmund
  5109 | D:4      | Killed Sigmund
  5109 | D:4      | Reached skill level 1 in Invocations
  5109 | D:4      | Reached XP level 8. HP: 25/59 MP: 7/9
  5428 | D:5      | Entered Level 5 of the Dungeon
  5504 | D:5      | Found a snail-covered altar of Cheibriados.
  5632 | D:5      | Reached **** piety under Uskayaw
  5639 | D:5      | Noticed Blork the orc
  5670 | D:5      | Killed Blork the orc
  5670 | D:5      | Reached skill level 5 in Dodging
  6116 | D:6      | Reached skill level 5 in Stealth
  6216 | D:6      | Found an ancient bone altar of Kikubaaqudgha.
  6240 | D:6      | Reached XP level 9. HP: 65/65 MP: 12/12
  6256 | D:6      | Reached ***** piety under Uskayaw
  6578 | D:6      | Found a burning altar of Makhleb.
  6775 | D:6      | Lost mutation: Armour fits poorly on your strangely shaped
                  | body. [potion of mutation]
  6775 | D:6      | Lost mutation: You are occasionally teleported next to
                  | monsters. [potion of mutation]
  6775 | D:6      | Gained mutation: You have sharp toenails. [potion of
                  | mutation]
  6775 | D:6      | Gained mutation: Your system is resistant to poisons.
                  | (rPois) [potion of mutation]
  6960 | D:6      | Found Fekke's Food Boutique.
  6998 | D:7      | Reached skill level 1 in Evocations
  7059 | D:7      | Found a blossoming altar of Fedhas.
  7085 | D:7      | Reached skill level 5 in Invocations
  7191 | D:7      | HP: 1/67 [orc priest/divine providence (11)]
  7191 | D:7      | Slain by a wight

Illustrated notes

Levels and vault maps discovered:
D:1:      minmay_arrival_four_loops, layout_rooms
D:2:      layout_loops_ring
D:3:      minmay_goblin_kobold_castle, layout_loops_corners, lemuel_round_altar,
          lemuel_crystal_altar, first_ration, uniq_jessica
D:4:      layout_loops_cross, marbit_many_paths, kennysheep_mini_moat,
          nemelex_xobeh_ov_fountains_minmay, minmay_temple_entry_stoned_glass,
          enter_ossuary_1, sigmund_army
D:5:      kennysheep_big_flooded_room, layout_cave_pools, serial_column_ruins,
          column_ruins_grid_3, column_ruins_corridor_straight,
          column_ruins_grid_1, column_ruins_open_tiny, kennysheep_slug_shrine,
          uniq_blork_the_orc, uniq_sigmund
D:6:      layout_loops_cross, nicolae_overflow_crystal_walls, kennysheep_mini,
          serial_shops, shop, mrwooster_statue_mirror, st_stairs_9
D:7:      layout_loops_ring, fedhas_bush_and_centaur_altar
Temple:   nicolae_temple_figure_eight

Skill      XL: |  1  2  3  4  5  6  7  8  9 |
---------------+----------------------------+-----
Dodging        | 3 4 5 |  5.9
Short Blades   | 3 4 5 6 |  6.9
Stealth        | 1 2 3 5 6 |  6.6
Armour         | 1 2 3 |  3.7
Fighting       | 3 4 |  4.9
Invocations    | 1 4 5 |  5.5
Evocations     | 1 |  1.9
Throwing       | |  1.8

Action                   |  1- 3 |  4- 6 |  7- 9 || total
-------------------------+-------+-------+-------++-------
Melee: Rapier            |   125 |   202 |       ||   327
       Dagger            |       |     3 |   625 ||   628
       Headbutt          |       |       |    73 ||    73
       Kick              |       |       |    20 ||    20
Invok: Stomp             |       |       |     9 ||     9
       Line Pass         |       |       |     2 ||     2
Evoke: Wand              |       |       |     2 ||     2
  Use: Scroll            |       |    10 |     4 ||    14
       Potion            |       |     2 |     9 ||    11
 Stab: Sleeping          |       |     1 |     9 ||    10
       Paralysed         |       |       |     6 ||     6
       Distracted        |       |       |     2 ||     2
  Eat: Chunk             |     2 |     6 |    10 ||    18
       Ration            |       |       |     1 ||     1
Armor: Leather armour    |    78 |    87 |   197 ||   362
Dodge: Dodged            |   122 |   205 |   512 ||   839
